AoeStats
← červene malborky

MegaRandom

510799511Analyzed
4v4 RM · 17h ago on Oct 2, 2026· 45m 27s· 8 players
Game mode
Random Map
Map size
Large (8 player)
Population
200
Speed
Normal
Resources
Standard
Victory
Conquest
Starting age
Dark Age
Ending age
Imperial Age
RankedLock teamsTeams togetherTeam positionsShared explorationLock speedFull tech treeHidden civsTurbo modeCheats
Victory
Defeat
🇳🇱 Burmese · Netherlands
894
+14
🇸🇰 Romans · Slovakia
846
+16
🇪🇸 Vietnamese · Spain
827
+17
🇸🇰 Lithuanians · Slovakia
719
+22
🇧🇴 Khmer · Bolivia
859
-18
🇹🇷 Berbers · Türkiye
855
-18
851
-17
🇧🇷 Spanish · Brazil
823
-16
tamy:)
12:53 Feudal Age
23:19 Castle Age
21:06 Loom
28:47 Double-Bit Axe
34:10 Murder Holes
Боевой комар NATO
0:32 Loom
12:19 Feudal Age
13:03 Double-Bit Axe
13:25 Horse Collar
17:05 Fishing Lines
17:50 Stone Mining
20:38 Castle Age
22:58 Gillnets
23:16 Pikeman
31:47 Wheelbarrow
34:39 Imperial Age
33:03 Anarchy
33:40 Hand Cart
34:35 Squires
35:51 Conscription
34:57 Halberdier
Seres
1:47 Loom
3:55 Loom
13:08 Feudal Age
16:21 Fishing Lines
18:51 Castle Age
19:12 Bloodlines
19:06 Horse Collar
19:11 Double-Bit Axe
21:49 Gillnets
21:33 Light Cavalry
23:55 Scale Barding Armor
25:59 Heavy Plow
26:12 Bow Saw
25:54 Stone Mining
27:42 Wheelbarrow
28:07 Town Watch
29:03 Gold Mining
29:07 Fletching
29:19 Padded Archer Armor
29:19 Scale Mail Armor
29:43 Chain Barding Armor
32:34 Gold Shaft Mining
34:10 Husbandry
37:20 Imperial Age
36:01 Forging
35:42 Fletching
35:52 Padded Archer Armor
35:53 Scale Mail Armor
37:30 Iron Casting
37:24 Ballistics
37:17 Masonry
36:49 Treadmill Crane
37:00 Heated Shot
38:12 Stone Shaft Mining
37:55 Hand Cart
37:41 Town Patrol
37:47 Town Patrol
38:25 Conscription
38:42 Plate Barding Armor
39:45 Crop Rotation
38:43 Hussar
DeMoTiX
8:49 Loom
11:40 Feudal Age
18:44 Castle Age
18:54 Horse Collar
23:09 Bloodlines
24:14 Crossbowman
30:16 Stone Mining
32:45 Wheelbarrow
32:49 Redemption
32:34 Pikeman
33:23 Double-Bit Axe
35:37 Gold Mining
35:37 Town Watch
37:41 Hand Cart
37:36 Fletching
39:57 Bodkin Arrow
41:17 Husbandry
42:17 Heavy Plow
46:20 Imperial Age
*.
1:26 Loom
15:39 Feudal Age
16:08 Man-at-Arms
16:44 Gold Mining
20:22 Double-Bit Axe
20:29 Stone Mining
20:24 Horse Collar
23:56 Forging
26:15 Castle Age
26:43 Scale Mail Armor
27:07 Long Swordsman
27:50 Squires
28:22 Chain Mail Armor
28:42 Iron Casting
28:56 Heavy Plow
32:00 Scale Barding Armor
34:46 Bloodlines
34:40 Husbandry
38:37 Imperial Age
37:49 Chain Barding Armor
37:43 Bow Saw
39:42 Conscription
39:48 Comitatenses
39:22 Legionary
41:40 Blast Furnace
42:07 Gold Shaft Mining
44:53 Crop Rotation
červene malborky
0:50 Loom
17:06 Feudal Age
18:10 Double-Bit Axe
18:14 Horse Collar
20:16 Gold Mining
20:18 Stone Mining
26:56 Castle Age
27:12 Man-at-Arms
27:36 Pikeman
28:17 Squires
28:03 Arson
31:16 Imperial Age
32:56 Bow Saw
32:50 Heavy Plow
36:43 Elite Leitis
37:23 Long Swordsman
41:55 Scale Barding Armor
41:51 Scale Mail Armor
42:02 Forging
45:15 Two-Man Saw
Rad el Bárbaro
9:06 Loom
13:20 Feudal Age
14:08 Horse Collar
14:37 Fishing Lines
18:54 Castle Age
18:43 Bloodlines
20:28 Husbandry
34:52 Padded Archer Armor
34:42 Fletching
41:55 Imperial Age
41:47 Caravan
43:25 Town Watch
44:16 Wheelbarrow
ApeteceMuchoNené
12:31 Feudal Age
15:36 Double-Bit Axe
15:37 Horse Collar
15:49 Gold Mining
21:15 Stone Mining
25:33 Castle Age
23:48 Forging
23:38 Scale Mail Armor
23:44 Scale Barding Armor
23:39 Padded Archer Armor
23:29 Fletching
24:19 Bloodlines
23:57 Arson
26:05 Loom
26:56 Wheelbarrow
26:37 Bow Saw
27:05 Stone Shaft Mining
26:31 Heavy Plow
26:47 Husbandry
27:14 Chain Barding Armor
27:30 Iron Casting
30:41 Herbal Medicine
35:52 Hand Cart
37:32 Squires
36:52 Pikeman
36:57 Crossbowman
37:42 Thumb Ring
36:58 Elite Skirmisher
38:46 Ballistics
38:09 Treadmill Crane
38:28 Murder Holes
38:44 Masonry
39:10 Town Watch
41:56 Imperial Age
39:45 Chain Mail Armor
39:45 Leather Archer Armor
39:25 Bodkin Arrow
40:24 Town Patrol
42:20 Caravan
42:56 Coinage
44:31 Two-Man Saw
44:09 Crop Rotation
44:12 Chatras
44:35 Paper Money
43:38 Elite Rattan Archer
44:58 Hoardings
45:32 Plate Barding Armor
44:58 Bracer
45:29 Plate Mail Armor
45:29 Ring Archer Armor
Connection lost

Rejoining the realm…

Still unreachable

The connection could not be restored.

Session expired

The server has moved on; the page needs a fresh start.